 Dungeon Crawl Stone Soup version 0.21.1-1-g345015f (webtiles) character file.

879 antender the Destroyer (level 7, 0/55 HPs)
             Began as a Yellow Draconian Conjurer on Feb 5, 2018.
             Slain by an orc wizard
             ... wielding a +0 dagger
              (6 damage)
             ... on level 6 of the Dungeon.
             The game lasted 00:13:21 (5878 turns).

antender the Destroyer (Yellow Draconian Conjurer)  Turns: 5878, Time: 00:13:22

Health: 0/55       AC:  7    Str: 14    XL:     7   Next: 75%
Magic:  1/9        EV: 12    Int: 22    God:
Gold:   239        SH:  0    Dex: 12    Spells: 3/10 levels left

rFire    + . .     SeeInvis .   z - +3 dagger "Next" {pierce, Str+4} (curse)
rCold    + . .     Gourm    .   (no shield)
rNeg     . . .     Faith    .   (armour unavailable)
rPois    +         Spirit   .   (helmet restricted)
rElec    +         Reflect  .   (no cloak)
rCorr    +         Harm     .   q - +0 pair of gloves
MR       .....                  (no boots)
Stlth    ++........             (no amulet)
HPRegen  0.18/turn              (no ring)
MPRegen  0.11/turn              (no ring)

@: brilliant, resistant
A: spit acid, acid resistance, unfitting armour, blurry vision 1, low mp 1,
robust 1, evolution 1, cold-blooded, AC +6
a: Breathe Acid


You were on level 6 of the Dungeon.
You were hungry.

You visited 1 branch of the dungeon, and saw 6 of its levels.

You collected 239 gold pieces.

Inventory:

Hand Weapons
 g - a +2 short sword of speed
 x - a +3 rapier
 z - the cursed +3 dagger "Next" (weapon) {pierce, Str+4}
   (You found it on level 4 of the Dungeon)

   It inflicts extra damage upon your enemies.
   It affects your strength (+4).
   It has a curse placed upon it.
Armour
 q - a +0 pair of gloves (worn)
Jewellery
 h - a cursed ring of loudness {unknown}
 k - an uncursed amulet of harm {unknown}
 m - a +4 ring of strength {unknown}
 r - an uncursed ring of see invisible {unknown}
 s - a +2 ring of strength {unknown}
Scrolls
 d - 12 scrolls of identify {unknown}
 e - a scroll of immolation {unknown}
 f - a scroll of blinking {unknown}
 l - a scroll of enchant armour {unknown}
 n - 2 scrolls of remove curse {unknown}
 p - 2 scrolls of teleportation {unknown}
 u - 2 scrolls of random uselessness {unknown}
 B - a scroll of magic mapping {unknown}
Potions
 c - a potion of mutation
 i - a potion of lignification
 o - a potion of brilliance
 t - a potion of degeneration {unknown}
 v - a potion of might {unknown}
 w - a potion of haste {unknown}
 A - a potion of heal wounds {unknown}
Books
 a - a book of Conjurations

   Spells                             Type                      Level
   a - Magic Dart                     Conjuration                  1
   b - Searing Ray                    Conjuration                  2
   c - Dazzling Spray                 Conjuration/Hexes            3
   d - Fulminant Prism                Conjuration/Hexes            4
   e - Force Lance                    Conjuration/Translocation    4
   f - Iskenderun's Mystic Blast      Conjuration                  4
 y - a book of Cantrips

   Spells                             Type                      Level
   a - Confusing Touch                Hexes                        1
   b - Animate Skeleton               Necromancy                   1
   c - Summon Small Mammal            Summoning                    1
   d - Apportation                    Translocation                1
Comestibles
 b - 8 rations


   Skills:
 - Level 1.7 Dodging
 - Level 1.7 Stealth
 - Level 2.0 Spellcasting
 + Level 9.7 Conjurations


You had 3 spell levels left.
You knew the following spells:

 Your Spells              Type           Power        Failure   Level  Hunger
a - Magic Dart            Conj           ####         1%          1    #......
b - Searing Ray           Conj           ######       1%          2    ##.....
c - Iskenderun's Mystic   Conj           ######..     1%          4    #####..


Dungeon Overview and Level Annotations

Branches:
Dungeon (6/15)
 Temple: D:4-7

Altars:
Ashenzari
Gozag
Kikubaaqudgha
Ru
Zin
The Shining One

Annotations:
D:4 Mgcat's ghost, amateur GrFE


Innate Abilities, Weirdness & Mutations

You can spit globs of acid.
You are resistant to acid.
Your golden yellow scales are hard. (AC +6)
You cannot fit into any form of body armour.
You are cold-blooded and may be slowed by cold attacks.
Scrolls take you a little longer to read.
Your magical capacity is low. (-10% MP)
You are robust. (+10% HP)
You evolve.


Message History

The orc wizard gestures wildly while chanting.
The orc wizard seems to speed up.
Your magical contamination has completely faded away.
You see here a scroll labeled JAIMARYKEC.
Okay, then.
It was a potion of mutation.
You feel extremely strange.
You feel nature experimenting on you.
Don't worry, failures die fast.
You feel less energetic.
Your vision blurs.
You feel robust. The ogre misses you.
The orc wizard hits you but does no damage.
Unknown command.
It was a potion of brilliance.
You feel clever all of a sudden.
The orc wizard hits you but does no damage.
It was a potion of resistance.
You feel protected. The orc wizard hits you with a dagger.
* * * LOW HITPOINT WARNING * * *
The ogre barely misses you. The orc wizard hits you with a dagger.
You die...

####### #.....# .# #
#.....# .# + #.....o#.@...#
..# ...# #....o.#oO#### ..#
#..#
#......#..########..###..#
#...O..#.................#
#.....§#()...............#
#......#)###..##'######..#
##..........#..##.....##.†#
.......(....#...#......'..#
.#######....'...#......#..'


You could see an ogre and an orc wizard.

Vanquished Creatures
  An ice beast (D:5)
  A phantom (D:4)
  A centaur (D:3)
  2 scorpions
  A bullfrog zombie (D:5)
  A hound (D:4)
  2 centaur skeletons (D:5)
  3 orc wizards
  A bullfrog skeleton (D:6)
  Terence (D:2)
  A worker ant (D:5)
  A hound skeleton (D:5)
  A howler monkey zombie (D:5)
  11 adders
  A shadow imp (D:5)
  An ooze (D:5)
  2 dart slugs
  4 worms
  3 leopard geckos
  10 orcs
  6 bats
  5 giant cockroaches
  6 goblins
  7 hobgoblins
  4 jackals (D:5)
  5 kobolds
  4 quokkas
  2 ball pythons
  A ball python skeleton (D:5)
  4 frilled lizards
  A jackal skeleton (D:4)
  A jackal zombie (D:5)
  2 leopard gecko skeletons
  6 rats
103 creatures vanquished.

Notes
Turn   | Place    | Note
-------+----------+-------------------------------------------
     0 | D:1      | antender the Draconian Conjurer began the quest for the Orb.
     0 | D:1      | Reached XP level 1. HP: 14/14 MP: 3/3
   244 | D:1      | Reached XP level 2. HP: 20/20 MP: 3/5
   633 | D:2      | Reached skill level 5 in Conjurations
   715 | D:2      | Reached XP level 3. HP: 26/26 MP: 0/6
  1621 | D:3      | Noticed Terence
  1653 | D:2      | Killed Terence
  1949 | D:3      | Reached XP level 4. HP: 33/33 MP: 4/7
  1984 | D:3      | Found a faded altar of an unknown god.
  2146 | D:3      | Noticed a centaur
  2468 | D:2      | Reached skill level 6 in Conjurations
  2618 | D:3      | Reached XP level 5. HP: 25/38 MP: 1/8
  2858 | D:3      | Killed a centaur
  2858 | D:3      | Reached skill level 7 in Conjurations
  3270 | D:3      | Reached XP level 6. HP: 45/45 MP: 5/9
  3460 | D:3      | Found a sacrificial altar of Ru.
  3464 | D:3      | Found a glowing golden altar of the Shining One.
  3464 | D:3      | Found a glowing silver altar of Zin.
  3467 | D:3      | Found an opulent altar of Gozag.
  3469 | D:3      | Found an ancient bone altar of Kikubaaqudgha.
  3669 | D:4      | Reached skill level 8 in Conjurations
  4133 | D:4      | Noticed Mgcat's ghost (amateur GrFE)
  4233 | D:4      | Your scales start taking on a golden yellow colour.
  4233 | D:4      | Reached XP level 7. HP: 34/50 MP: 1/10
  4255 | D:4      | Got an iridescent dagger
  4256 | D:4      | Identified the cursed +3 dagger "Next" {pierce, Str+4} (You found it on level 4 of the Dungeon)
  4441 | D:5      | Entered Level 5 of the Dungeon
  4716 | D:5      | Reached skill level 9 in Conjurations
  4778 | D:5      | Learned a level 2 spell: Searing Ray
  4783 | D:5      | Learned a level 4 spell: Iskenderun's Mystic Blast
  5159 | D:5      | Found a shattered altar of Ashenzari.
  5876 | D:6      | Gained mutation: You evolve. [potion of mutation]
  5876 | D:6      | Gained mutation: Your magical capacity is low. (-10% MP) [potion of mutation]
  5876 | D:6      | Gained mutation: Scrolls take you a little longer to read. [potion of mutation]
  5876 | D:6      | Gained mutation: You are robust. (+10% HP) [potion of mutation]
  5878 | D:6      | Slain by an orc wizard

Skill      XL: |  1  2  3  4  5  6  7 |
---------------+----------------------+-----
Conjurations   | 5 6 7 8 9 |  9.7
Dodging        | |  1.7
Stealth        | |  1.7
Spellcasting   | |  2.0

Action                   |  1- 3 |  4- 6 |  7- 9 || total
-------------------------+-------+-------+-------++-------
Melee: Unarmed           |     5 |       |       ||     5
       Short sword       |    41 |    47 |     1 ||    89
       Tailslap          |     3 |     5 |     4 ||    12
       Dagger            |       |       |    28 ||    28
 Cast: Magic Dart        |    54 |   123 |    93 ||   270
       Searing Ray       |       |       |     1 ||     1
 Abil: Breathe Acid      |       |       |     1 ||     1
  Use: Potion            |     3 |       |     3 ||     6
  Eat: Chunk             |     3 |    10 |     3 ||    16
       Ration            |       |       |     1 ||     1
Armor: Skin              |    13 |    22 |    14 ||    49
Dodge: Dodged            |    19 |    55 |    30 ||   104
